AoeStats
← FC_M@sTer

Marketplace

505610099Analyzed
1v1 RM · 23d ago on Sep 10, 2026· 45m 14s· 2 players
Game mode
Random Map
Map size
Tiny (2 player)
Population
200
Speed
Normal
Resources
Standard
Victory
Conquest
Starting age
Dark Age
Ending age
Imperial Age
RankedLock teamsTeams togetherTeam positionsShared explorationLock speedFull tech treeHidden civsTurbo modeCheats
Victory
Defeat
🇹🇷 Japanese · Türkiye
1497
+19
🇨🇴 Persians · Colombia
1553
-19
TahRibat
7:37 Loom
10:22 Feudal Age
10:47 Man-at-Arms
12:04 Arson
19:48 Castle Age
18:14 Double-Bit Axe
18:21 Gold Mining
18:23 Fletching
20:39 Bodkin Arrow
21:12 Bow Saw
23:03 Padded Archer Armor
24:56 Caravan
26:59 Husbandry
32:57 Imperial Age
33:44 Bracer
35:53 Leather Archer Armor
36:01 Ballistics
39:44 Parthian Tactics
41:44 Ring Archer Armor
42:19 Chemistry
43:08 Wheelbarrow
42:07 Heavy Cavalry Archer
43:46 Scale Mail Armor
44:02 Bloodlines
44:38 Kataparuto
FC_M@sTer
6:21 Loom
8:35 Feudal Age
9:18 Double-Bit Axe
20:44 Castle Age
27:40 Fletching
29:18 Bodkin Arrow
31:23 Wheelbarrow
34:13 Hand Cart
35:58 Guard Tower
39:36 Imperial Age
37:37 Bow Saw
38:10 Scale Barding Armor
38:45 Bloodlines
41:02 Kamandaran
41:02 Elite Skirmisher
41:05 Crossbowman
41:54 Thumb Ring
41:55 Padded Archer Armor
43:30 Chemistry
43:32 Leather Archer Armor
44:38 Chemistry
44:51 Ballistics
Connection lost

Rejoining the realm…

Still unreachable

The connection could not be restored.

Session expired

The server has moved on; the page needs a fresh start.